 Seeded DCSS version 0.28-a0-1143-gcf6077d4cc (webtiles) character file.

Game seed: 12847544822961206887 (custom seed)

420 ytrimaz the Chopper (level 7, 0/55 HPs)
             Began as a Formicid Fighter on Dec 13, 2021.
             Slain by an ogre (5 damage)
             ... on level 5 of the Dungeon.
             The game lasted 00:04:30 (4032 turns).

ytrimaz the Chopper (Formicid Fighter)              Turns: 4032, Time: 00:04:31

Health: 0/55       AC:  8    Str: 23    XL:     7   Next: 16%
Magic:  7/7        EV:  9    Int:  7    God:
Gold:   119        SH:  9    Dex: 10    Spells: 6/6 levels left

rFire   . . .      SeeInvis +   r - +0 war axe (freeze)
rCold   . . .      Faith    .   c - +0 buckler
rNeg    . . .      Spirit   .   b - +1 scale mail
rPois   +          Reflect  +   (helmet unavailable)
rElec   .          Harm     .   (no cloak)
rCorr   .          Rampage  .   (no gloves)
Will    .....                   (no boots)
Stlth   ..........              j - amulet of reflection
HPRegen 0.18/turn               h - ring of poison resistance
MPRegen 0.10/turn               (no ring)

@: no status effects
A: permanent stasis, dig shafts and tunnels, antennae 3, four strong arms
a: Dig, Shaft Self


You were on level 5 of the Dungeon.
You visited 1 branch of the dungeon, and saw 5 of its levels.

You collected 254 gold pieces.
You spent 135 gold pieces at shops.

Inventory:

Hand Weapons
 r - a +0 war axe of freezing (weapon)
Armour
 b - a +1 scale mail (worn)
 c - a +0 buckler (worn)
Jewellery
 h - a ring of poison resistance (left hand)
 j - an amulet of reflection (around neck)
 l - a ring of flight
Wands
 m - a wand of digging (5)
 o - a wand of iceblast (12)
Scrolls
 e - 2 scrolls of fear
 q - a scroll of immolation {unknown}
Potions
 d - 2 potions of might
 f - 4 potions of curing
 g - a potion of lignification
 i - 2 potions of flight {unknown}
 k - a potion of heal wounds {unknown}
 n - a potion of degeneration {unknown}
 p - a potion of attraction {unknown}


   Skills:
 + Level 4.5 Fighting
 * Level 5.7 Axes
 + Level 4.1 Armour
 + Level 4.3 Shields


You had 6 spell levels left.
You didn't know any spells.
Your spell library contained the following spells:

 Spells                   Type           Power      Damage    Failure   Level
 Sandblast                Erth           0%         2d4       75%         1
 Passwall                 Tmut/Erth      0%         N/A       86%         2
 Stone Arrow              Conj/Erth      0%         3d7       98%         3


Dungeon Overview and Level Annotations

Branches:
Dungeon (5/15)
 Temple: D:4-7

Altars:
Ashenzari
Fedhas

Shops:
D:4 ?[=*!   D:5 (


Innate Abilities, Weirdness & Mutations

You cannot be hasted, slowed, berserked, paralysed or teleported.
You can dig through walls and to a lower floor.
You have a pair of large antennae on your head. (SInv)
Your four strong arms can wield two-handed weapons with a shield.


Message History

Done exploring.
Search for what [? for help]? axe
There is an entrance to Yphoij's General Store here.
r - a +0 war axe of freezing Thank you for shopping at Yphoij's General Store!
Your +0 war axe of freezing glows with a cold blue light!
r - a +0 war axe of freezing (weapon)
You drop a +0 war axe.
Done exploring.
Done exploring.
There is a stone staircase leading down here.
You climb downwards.
Found a stone staircase leading up.
There is a stone staircase leading up here.
f - 4 potions of curing (gained 1)
You now have 119 gold pieces (gained 12).
Found a human corpse.
Found Mossegg's Weapon Emporium.
Found a dagger.
You sense a monster nearby.
There is an entrance to Mossegg's Weapon Emporium here.
An ogre comes into view. It is wielding a +0 giant club.
The ogre shouts!
An ogre is nearby!
An ogre is nearby!
You see here a +0 dagger.
You slash the ogre! You freeze the ogre.
The ogre is heavily wounded.
The ogre hits you with a +0 giant club!!
You barely miss the ogre.
The ogre is heavily wounded.
The ogre hits you with a +0 giant club!!
Ouch! That really hurt!
* * * LOW HITPOINT WARNING * * *
You barely miss the ogre.
The ogre is moderately wounded.
The ogre barely misses you.
You barely miss the ogre.
The ogre is moderately wounded.
The ogre hits you with a +0 giant club.
You die...

.... . #.... ..
#..... ...##
##.....#
...###......#
....... ..#
##O..##...#
##..@..#...## ..#
#...........# #..
#...∩........##..#
#.......#........#
###...†.##
#......# ## #
##.##...##
#.....#...
..##.....###
#.........
.........#
##<.......
#........##
###.........


You could see an ogre.

Vanquished Creatures
  Edmund (D:4)
  Terence (D:3)
  An iguana (D:4)
  Natasha (thrice) (D:3)
  8 adders
  A worm (D:2)
  3 dart slugs
  12 orcs
  3 ball pythons
  9 endoplasms
  3 giant cockroaches
  5 hobgoblins
  5 jackals (D:1)
  5 quokkas
  6 bats
  7 frilled lizards
  7 goblins
  11 kobolds
  3 rats
94 creatures vanquished.

Notes
Turn   | Place    | Note
-------+----------+-------------------------------------------
     0 | D:1      | ytrimaz the Formicid Fighter began the quest for the Orb.
     0 | D:1      | Reached XP level 1. HP: 18/18 MP: 1/1
    83 | D:1      | Reached XP level 2. HP: 9/24 MP: 2/2
   471 | D:1      | Reached XP level 3. HP: 27/29 MP: 3/3
   525 | D:1      | Found a faded altar of an unknown god.
   973 | D:2      | Reached skill level 3 in Axes
  1170 | D:2      | Reached XP level 4. HP: 37/37 MP: 4/4
  1762 | D:2      | Reached XP level 5. HP: 42/42 MP: 5/5
  1939 | D:3      | Reached skill level 4 in Axes
  2170 | D:3      | Noticed Terence
  2179 | D:3      | Killed Terence
  2213 | D:3      | Noticed Natasha
  2220 | D:3      | Killed Natasha
  2489 | D:3      | Noticed Natasha
  2496 | D:3      | Killed Natasha
  2497 | D:3      | Reached XP level 6. HP: 48/48 MP: 6/6
  2730 | D:3      | Noticed Natasha
  2743 | D:3      | Killed Natasha
  2744 | D:3      | Reached skill level 5 in Axes
  3201 | D:4      | Noticed Edmund
  3201 | D:4      | Found Rexkos's Magic Scroll Emporium.
  3201 | D:4      | Found Honul's Armour Boutique.
  3248 | D:4      | Killed Edmund
  3249 | D:4      | Reached XP level 7. HP: 31/55 MP: 7/7
  3443 | D:4      | Found a broken altar of Ashenzari.
  3664 | D:4      | Found Yphoij's General Store.
  3665 | D:4      | Found a blossoming altar of Fedhas.
  3744 | D:4      | Found Qoyh's Jewellery Emporium.
  3881 | D:4      | Found Deatipuo's Distillery.
  3889 | D:4      | Bought a potion of might for 52 gold pieces
  3982 | D:4      | Bought a +0 war axe of freezing for 83 gold pieces
  4000 | D:5      | Entered Level 5 of the Dungeon
  4019 | D:5      | Found Mossegg's Weapon Emporium.
  4032 | D:5      | Slain by an ogre

Illustrated notes

Levels and vault maps discovered:
D:1:      saegor_arrival_simple_b, layout_basic,
          dilly_ecumenical_altar_fadedgnrine
D:2:      layout_basic, minmay_box_of_dots
D:3:      minmay_angry_zag, layout_loops_corners, uniq_terence, uniq_natasha
D:4:      layout_basic, nicolae_overflow_hidden_temple,
          nicolae_ashenzari_panopticon, serial_shops, shop,
          nicolae_shop_temple_entry_statues_fountains, nicolae_shop_crystal,
          shop, nicolae_diamond_shop, uniq_edmund
D:5:      cheibrodos_iron_armory, layout_layer_cave, led_sif_pool,
          xom_teletrap_fun, minmay_temple_entry_statues_pillars, serial_shops,
          nicolae_shop_bloodbath_and_beyond

Skill      XL: |  1  2  3  4  5  6 |
---------------+-------------------+-----
Axes           | 3 4 5 |  5.7
Fighting       | 4 |  4.5
Shields        | 4 |  4.3
Armour         | 4 |  4.1

Action                   |  1- 3 |  4- 6 |  7- 9 || total
-------------------------+-------+-------+-------++-------
Melee: War axe           |    93 |   172 |    24 ||   289
  Use: Scroll            |     2 |     3 |     1 ||     6
       Potion            |       |     1 |       ||     1
Armor: Scale mail        |    71 |    42 |     5 ||   118
       Skin              |       |    32 |       ||    32
Dodge: Dodged            |    47 |    70 |     5 ||   122
Block: Buckler           |    25 |    79 |    18 ||   122
       Reflection        |       |     1 |       ||     1

Table legend: (Time is in decaauts)
 A = Elapsed time spent in this place.
 B = Non-inter-level travel time spent in this place.
 C = Inter-level travel time spent in this place.
 D = Time resting spent in this place.
 E = Time spent auto-exploring this place.
 F = Levels seen in this place.
 G = Mean time per level.
                   A        B        C        D        E       F      G
               +--------+--------+--------+--------+--------+-----+--------+
         Total |   4119 |   4018 |    101 |      0 |   3246 |   5 |  823.8 |
       Dungeon |   4119 |   4018 |    101 |      0 |   3246 |   5 |  823.8 |
               +--------+--------+--------+--------+--------+-----+--------+

Top non-repeatable levels by time:
     D:3: 1352 daAuts
     D:2: 1003 daAuts
     D:1: 919 daAuts
     D:4: 811 daAuts
     D:5: 32 daAuts
